 Dungeon Crawl Stone Soup version 0.28-a0-909-g796cbd3a86 (webtiles) character file.

Game seed: 4342361032271647618

222 ragingrage the Chopper (level 5, -1/40 HPs)
             Began as a Palentonga Warper on Nov 24, 2021.
             Slain by an ufetubus (4 damage)
             ... on level 3 of the Dungeon.
             The game lasted 00:03:23 (3830 turns).

ragingrage the Chopper (Palentonga Warper)          Turns: 3830, Time: 00:03:24

Health: -1/40      AC:  5    Str: 14    XL:     5   Next: 66%
Magic:  8/8        EV:  9    Int: 13    God:
Gold:   124        SH:  0    Dex: 11    Spells: 8/8 levels left

rFire   . . .      SeeInvis +   o - +0 dagger (venom)
rCold   . . .      Faith    .   (no shield)
rNeg    . . .      Spirit   .   b - +0 leather armour
rPois   .          Reflect  .   v - +0 helmet
rElec   .          Harm     .   (no cloak)
rCorr   .          Rampage  .   (no gloves)
Will    .....                   (no barding)
Stlth   +.........              (no amulet)
HPRegen 0.13/turn               (no ring)
MPRegen 0.11/turn               (no ring)

@: no status effects
A: large, rugged brown scales 3, see invisible, deformed body, roll 1, armoured
tail
a: Rolling Charge


You were on level 3 of the Dungeon.
You visited 1 branch of the dungeon, and saw 4 of its levels.

You collected 124 gold pieces.

Inventory:

Hand Weapons
 a - a +0 hand axe
 o - a +0 dagger of venom (weapon)
Missiles
 d - a boomerang of dispersal
 i - 59 poisoned darts (quivered)
 q - 4 javelins
 s - a throwing net
Armour
 b - a +0 leather armour (worn)
 v - a +0 helmet (worn)
Jewellery
 l - a ring of protection from cold
Wands
 x - a wand of flame (22)
Scrolls
 c - a scroll of blinking
 e - 3 scrolls of identify {unknown}
 f - 2 scrolls of summoning {unknown}
 h - a scroll of enchant weapon {unknown}
 k - a scroll of fear {unknown}
 m - 2 scrolls of teleportation {unknown}
 p - a scroll of noise {unknown}
 r - a scroll of amnesia {unknown}
Potions
 g - a potion of berserk rage {unknown}
 j - a potion of mutation {unknown}
 n - a potion of heal wounds {unknown}
 t - a potion of invisibility
 u - a potion of brilliance {unknown}
 w - a potion of lignification {unknown}


   Skills:
 - Level 2.0 Fighting
 * Level 6.0 Axes
 - Level 0.6 Throwing
 - Level 0.7 Armour
 - Level 1.5 Dodging
 - Level 2.0 Spellcasting
 - Level 3.0 Translocations


You had 8 spell levels left.
You didn't know any spells.
Your spell library contained the following spells:

 Spells                   Type           Power      Damage    Failure   Level
 Blink                    Tloc           18%        N/A       14%         2
 Gell's Gravitas          Tloc           9%         N/A       28%         3
 Lesser Beckoning         Tloc           9%         N/A       28%         3
 Teleport Other           Tloc           9%         N/A       28%         3
 Manifold Assault         Tloc           9%         N/A       95%         5


Dungeon Overview and Level Annotations

Branches:
Dungeon (4/15)
 Temple: D:4-7

Altars:


Innate Abilities, Weirdness & Mutations

You are completely covered in rugged brown scales. (AC +3, +7% HP)
You have supernaturally acute eyesight. (SInv)
Armour fits poorly on your strangely shaped body.
You can roll at nearby foes to attack.
You have a long armoured tail.


Message History

Blork the orc is heavily wounded.
Blork the orc hits you but does no damage.
Blork the orc points at you and mumbles some strange words.
The puff of flame hits you. The ball python barely misses you.
You hit Blork the orc.
Blork the orc looks as sick as possible!
Your tail-slap misses Blork the orc.
Blork the orc is severely wounded.
Blork the orc points at you and mumbles some strange words.
The puff of frost hits you. The ball python bites you.
You hit Blork the orc but do no damage.
Blork the orc looks as sick as possible!
Blork the orc is severely wounded.
Blork the orc casts a spell at you. The puff of frost hits you.
The ball python bites you but does no damage.
Blork the orc barely misses you. The kobold barely misses you.
Blork the orc casts a spell at you. The puff of frost hits you!
The ufetubus hits you but does no damage.
The ufetubus hits you.
* * * LOW HITPOINT WARNING * * *
You kill Blork the orc!
The ufetubus closely misses you. The ufetubus hits you.
* * * LOW HITPOINT WARNING * * *
The ball python bites you but does no damage.
Your Axes skill increases to level 6!
The ufetubus hits you.
* * * LOW HITPOINT WARNING * * *
The ufetubus closely misses you.
The kobold throws a stone.
The stone hits you.
* * * LOW HITPOINT WARNING * * *
There is a stone staircase leading up here.
The ufetubus closely misses you. The ufetubus barely misses you.
The ball python closely misses you.
You climb upwards.
There is a stone staircase leading down here.
You hit the ufetubus.
The ufetubus is poisoned.
The ufetubus is moderately wounded.
The ufetubus closely misses you. The ufetubus hits you.
You die...

........#..........#.........#.#
#...>.....###...##...#.#.#.#.#.#
..........##..#.###.........#..##
..............#.##..#####.......#
#........##.....................#
#.......##........##.####.......#
#.......#..........#..# #########
........#..........##.##
........#.......@5.##..#
.#.######......S....##.#
)...#####...........##.#
.........#......[.#.##.##
.#.#.###..........#.....# .#.#.#
##..........#....# .#.#.#
#...............# .#.#.##
#.........รท#....#
.#.#..###..........#....#


You could see an ufetubus (poisoned) and a ball python.

Vanquished Creatures
  Blork the orc (D:4)
  Ijyb (D:3)
  Robin (D:3)
  3 adders
  2 worms
  2 dart slugs
  5 bats
  7 endoplasms
  A giant cockroach (D:2)
  18 goblins
  6 hobgoblins (D:3)
  7 jackals
  5 ball pythons
  3 frilled lizards (D:3)
  6 kobolds
  7 rats
75 creatures vanquished.

Vanquished Creatures (others)
  4 plants (D:3)
4 creatures vanquished.

Grand Total: 79 creatures vanquished

Notes
Turn   | Place    | Note
-------+----------+-------------------------------------------
     0 | D:1      | ragingrage the Palentonga Warper began the quest for the
                  | Orb.
     0 | D:1      | Reached XP level 1. HP: 17/17 MP: 3/3
   199 | D:1      | Reached XP level 2. HP: 23/23 MP: 5/5
   218 | D:1      | Reached skill level 3 in Axes
   983 | D:1      | Reached XP level 3. HP: 15/28 MP: 6/6
  1604 | D:2      | Reached skill level 4 in Axes
  1910 | D:2      | Reached XP level 4. HP: 19/35 MP: 7/7
  2932 | D:3      | Noticed Robin
  2981 | D:3      | Killed Robin
  2992 | D:3      | HP: 1/31 [hobgoblin (3)]
  2995 | D:3      | Reached skill level 5 in Axes
  3329 | D:3      | Found a faded altar of an unknown god.
  3399 | D:3      | Noticed Ijyb
  3412 | D:3      | Killed Ijyb
  3413 | D:3      | Reached XP level 5. HP: 18/39 MP: 8/8
  3814 | D:4      | Noticed Blork the orc
  3825 | D:4      | Killed Blork the orc
  3826 | D:4      | Reached skill level 6 in Axes
  3830 | D:3      | Slain by an ufetubus

Illustrated notes

Levels and vault maps discovered:
D:1:      amcnicky_arrival_gap_in_the_tavern_cellar, layout_loops_ring
D:2:      layout_rooms
D:3:      layout_rooms, chequers_ecumenical_altar_lobes, st_stairs_12,
          hex_medium, minmay_misc_feat_rows, dk_noncrumbling_2,
          nicolae_figureground_pulse, uniq_ijyb, uniq_robin
D:4:      layout_cave_pools, zin_treasury, kennysheep_vampire_church,
          minmay_temple_entry_mist, uniq_pikel, uniq_blork_the_orc

Skill      XL: |  1  2  3  4  5 |
---------------+----------------+-----
Axes           | 3 4 5 6 |  6.0
Fighting       | |  2.0
Throwing       | |  0.6
Armour         | |  0.7
Dodging        | |  1.5
Spellcasting   | |  2.0
Translocations | |  3.0

Action                   |  1- 3 |  4- 6 || total
-------------------------+-------+-------++-------
Melee: Hand axe          |    89 |       ||    89
       Tailslap          |    13 |    16 ||    29
       Dagger            |    39 |   114 ||   153
Throw: Boomerang         |     4 |       ||     4
       Dart              |     6 |       ||     6
 Abil: Rolling Charge    |     1 |     3 ||     4
  Use: Potion            |       |     1 ||     1
Armor: Leather armour    |    51 |    48 ||    99
Dodge: Dodged            |    58 |    48 ||   106

Table legend: (Time is in decaauts)
 A = Elapsed time spent in this place.
 B = Non-inter-level travel time spent in this place.
 C = Inter-level travel time spent in this place.
 D = Time resting spent in this place.
 E = Time spent auto-exploring this place.
 F = Levels seen in this place.
 G = Mean time per level.
                   A        B        C        D        E       F      G
               +--------+--------+--------+--------+--------+-----+--------+
         Total |   3848 |   3770 |     78 |    861 |   2325 |   4 |  962.0 |
       Dungeon |   3848 |   3770 |     78 |    861 |   2325 |   4 |  962.0 |
               +--------+--------+--------+--------+--------+-----+--------+

Top non-repeatable levels by time:
     D:1: 1334 daAuts
     D:3: 1276 daAuts
     D:2: 1222 daAuts
     D:4: 14 daAuts
